Unix NetHack Version 5.0.0-0 post-release - last build Jun 10 2026 00:39:30 (3ee93aec679c4c4259841fe613dc97188e26a321,branch:main).

Game began 2026-06-27 09:55:54, ended 2026-06-29 04:38:01.

114514, lawful male human Knight

                     -----
                    #....|           ---------
                    #|dd.|           .......C|
                     |.@.|       -.....C
                    #...).
                     -----

114514 the Bachelor      St:8 Dx:13 Co:12 In:8 Wi:15 Ch:17  Lawful
Dlvl:7  $:66 HP:0(38) Pw:50(50) AC:5  Xp:6 T:2804  Stressed

Latest messages:
 You miss the dingo.
 The dingo bites!
 You kill the dingo!
 You kill the kobold lord!
 Really step into that bear trap? [yn] (n) n
 There is a doorway here.
 You see here a dingo corpse.
 What do you want to eat? [gh or ?*] y
 You cannot eat that!
 You have a little trouble lifting a dingo corpse.  Continue? [ynq] (q) q
 What do you want to eat? [gh or ?*] <esc>
 Never mind.
 You have a little trouble lifting a dingo corpse.  Continue? [ynq] (q) y
 You have a little trouble lifting P - a dingo corpse.
 Your movements are slowed slightly because of your load.
 What do you want to eat? [ghP or ?*] P
 This dingo corpse is stringy.
 Your movements are now unencumbered.
 You stop eating the dingo corpse.
 You hit the wolf!
 The wolf bites!
 You kill the wolf!
 You miss the wolf.
 The wolf just misses!
 You hit the wolf!
 The wolf bites!
 You kill the wolf!
 What do you want to eat? [ghP or ?*] P
 You resume your meal.
 You stop eating the dingo corpse.
 What do you want to drink? [npD-FIJO or ?*] ?
 Magical energies course through your body.
 The wolf is caught in a bear trap!
 You don't know any spells right now.
 The wolf bites!
 The wolf bites the saddled pony.
 The saddled pony is killed!
 You seem less noisy now.
 You rebalance your load.  Movement is difficult.
 You see here a saddle.
 You can't go up here.
 You can't go down here.
 You don't have enough stamina to move.
 The wolf bites!
 You die...
 Do you want your possessions identified? [ynq] (y) y
 Do you want to see your attributes? [ynq] (y) y
 Do you want an account of creatures vanquished? [ynaq] (y) y
 Do you want to see your conduct and achievements? [ynq] (y) y
 Do you want to see the dungeon overview? [ynq] (y) y

Inventory:
 Coins    ('$')
  $ - 66 gold pieces
 Amulets  ('"')
  o - an uncursed amulet of flying
 Weapons  (')')
  a - the blessed rustproof +1 Excalibur (weapon in left hand)
  u - the cursed +0 Trollsbane
 Armor    ('[')
  y - an uncursed +0 orcish helm (being worn)
  f - an uncursed burnt +0 pair of leather gloves (being worn)
  i - an uncursed very burnt +0 pair of elven boots (being worn)
  e - an uncursed +0 small shield (being worn)
  m - an uncursed burnt +0 elven cloak (being worn)
  c - an uncursed rusty +1 ring mail (being worn)
 Comestibles  ('%')
  g - 8 uncursed apples
  h - 7 uncursed carrots
  P - an uncursed partly eaten dingo corpse
 Scrolls  ('?')
  k - 3 uncursed scrolls of identify
 Potions  ('!')
  E - an uncursed potion of enlightenment
  D - a blessed potion of extra healing
  O - an uncursed potion of fruit juice
  I - a cursed potion of full healing
  p - an uncursed potion of healing
  F - a cursed potion of oil
  n - an uncursed potion of see invisible
 Tools    ('(')
  q - an uncursed blindfold
  M - an uncursed mirror
  L - an uncursed tallow candle
 Gems/Stones  ('*')
  r - an uncursed worthless piece of orange glass

114514 the Knight's attributes:

Background:
 You were a Bachelor, a level 6 male human Knight.
 You were lawful, on a mission for Lugh
 who was opposed by Brigit (neutral) and Manannan Mac Lir (chaotic).
 You were left-handed.
 You were in the Dungeons of Doom, on level 7.
 You entered the dungeon 2804 turns ago.
 It was nighttime.
 There was a full moon in effect when your adventure ended.
 You had 440 experience points, 200 more were needed to attain level 7.

Basics:
 You had 0 out of 38 hit points.
 You had all 50 energy points (spell power).
 Your armor class was 5.
 Your wallet contained 66 zorkmids.
 Autopickup was off.

Final Characteristics:
 Your strength was 8 (peak:14, limit:18/100).
 Your dexterity was 13 (limit:18).
 Your constitution was 12 (limit:18).
 Your intelligence was 8 (limit:18).
 Your wisdom was 15 (limit:18).
 Your charisma was 17 (limit:18).

Final Status:
 You weren't hungry.
 You were stressed; movement was moderately slowed.
 You were wielding a long sword.
 You had basic skill with long sword and could have enhanced that.

Final Attributes:
 You were piously aligned.
 You were level-drain resistant.
 You had automatic searching.
 You were stealthy.
 You could jump.
 You were warded.
 You were fast.
 You were lucky.
 You are dead.

Miscellaneous:
 You encountered 1 bones level.
 Total elapsed playing time was 31 minutes and 30 seconds.

Major events:
 Turn
    1: 114514 the lawful male human Knight entered the dungeon
  862: attained the rank of Esquire (level 3)
 1472: found Trollsbane on the floor
 2323: was given Excalibur by the Lady of the Lake
 2333: entered the Gnomish Mines
 2748: attained the rank of Bachelor (level 6)
 2804: killed by a wolf

You didn't know any spells.

Skills:
 Fighting Skills
   bare handed combat [Unskilled]
   two weapon combat  [Unskilled]
   riding             [Basic]
 Weapon Skills
   dagger             [Unskilled]
   knife              [Unskilled]
   axe                [Unskilled]
   pick-axe           [Unskilled]
   short sword        [Unskilled]
   broadsword         [Unskilled]
   long sword         [Basic]
   two-handed sword   [Unskilled]
   saber              [Unskilled]
   club               [Unskilled]
   mace               [Unskilled]
   morning star       [Unskilled]
   flail              [Unskilled]
   hammer             [Unskilled]
   polearms           [Unskilled]
   spear              [Unskilled]
   trident            [Unskilled]
   lance              [Basic]
   bow                [Unskilled]
   crossbow           [Unskilled]
 Spellcasting Skills
   attack spells      [Unskilled]
   healing spells     [Unskilled]
   clerical spells    [Unskilled]

Voluntary challenges:
 Character rerolling was not enabled.
 You never genocided any monsters.
 You never polymorphed an object.
 You never changed form.
 You used no wishes.
Achievements:
 You attained the rank of Esquire.
 You entered the Gnomish Mines.
 You attained the rank of Bachelor.

 The Dungeons of Doom: levels 1 to 7
    Level 1:
    Level 2:
       A grave.
    Level 3:
       A fountain.
    Level 4:
       Stairs down to The Gnomish Mines.
    Level 5:
    Level 6:
       An altar to Lugh.
    Level 7: <- You were here.
       Final resting place for
          you, killed by a wolf,
          DaveT-Pri-Hum-Mal-Law, killed by a jaguar.
 The Gnomish Mines:
    Level 5:


Vanquished creatures:
  2 wolves
  2 leprechauns
  a gnome ruler
  a dingo
  a housecat
  a blue jelly
  a rock piercer
  a pony
  a yellow light
  a gnome leader
  a kobold mummy
  a gray ooze
 an elf zombie
  a floating eye
  a kitten
  a homunculus
  2 kobold leaders
  a hill orc
  a centipede
  3 iguanas
  3 acid blobs
  a hobbit
  a hobgoblin
  3 giant rats
  a brown mold
  2 yellow molds
  a red mold
  6 gnomes
  2 geckos
  6 jackals
  a fox
  a goblin
  7 grid bugs
  4 lichens
  a kobold zombie
  7 newts
72 creatures vanquished.

No species were genocided or became extinct.

Game over:
                       ----------
                      /          \
                     /    REST    \
                    /      IN      \
                   /     PEACE      \
                  /                  \
                  |      114514      |
                  |      66 Au       |
                  | killed by a wolf |
                  |                  |
                  |                  |
                  |                  |
                  |       2026       |
                 *|     *  *  *      | *
        _________)/\\_//(\/(/\)/\//\/|_)_______

Fare thee well 114514 the Knight...

You died in The Dungeons of Doom on dungeon level 7 with 2190 points,
and 66 pieces of gold, after 2804 moves.
You were level 6 with a maximum of 38 hit points when you died.

